 Dungeon Crawl Stone Soup version 0.21.1-1-g345015f (webtiles) character file.

9605 Relic the Fighter (level 11, 0/89 HPs)
             Began as a Gnoll Wanderer on May 22, 2018.
             Was a High Priest of Okawaru.
             Slain by a six-headed hydra (7 damage)
             ... on level 1 of the Lair of Beasts.
             The game lasted 02:41:20 (12102 turns).

Relic the Fighter (Gnoll Wanderer)                 Turns: 12102, Time: 02:41:23

Health: 0/89       AC: 11    Str: 16    XL:     11   Next: 49%
Magic:  20/20      EV: 17    Int: 13    God:    Okawaru [*****.]
Gold:   229        SH:  6    Dex: 21    Spells: 22/22 levels left

rFire    . . .     SeeInvis .   d - +1 hand crossbow
rCold    . . .     Gourm    +   L - +0 buckler
rNeg     . . .     Faith    .   k - +1 leather armour
rPois    .         Spirit   .   x - +0 helmet
rElec    .         Reflect  .   O - +0 cloak
rCorr    .         Harm     .   t - +0 pair of gloves
MR       .....                  (no boots)
Stlth    ++++......             c - amulet of the gourmand
HPRegen  0.24/turn              i - +3 ring of strength
MPRegen  0.17/turn              o - +3 ring of protection

@: about to teleport
A: distributed training, fangs 1, strong nose
a: Heroism, Finesse, Renounce Religion


You were on level 1 of the Lair of Beasts.
You worshipped Okawaru.
Okawaru was extremely pleased with you.
You were not hungry.

You visited 3 branches of the dungeon, and saw 12 of its levels.

You collected 539 gold pieces.
You spent 310 gold pieces at shops.

Inventory:

Hand Weapons
 b - a +2 blowgun
 d - a +1 hand crossbow (weapon)
 e - a +2 short sword of draining
 f - a +2 hand axe of freezing
 C - the +4 Vampire's Tooth {vamp}
   (You found it on level 4 of the Dungeon)

   It inflicts no extra harm, but heals its wielder when it wounds a living foe.
 E - a +0 hand axe of flaming
Missiles
 g - 11 bolts (quivered)
 j - 15 poisoned needles
Armour
 k - a +1 leather armour (worn)
 n - a scarf of spirit shield
 r - a +0 leather armour of magic resistance
 t - a +0 pair of gloves (worn)
 x - a +0 helmet (worn)
 L - a +0 buckler (worn)
 O - a +0 cloak (worn)
Magical Staves
 a - an uncursed staff of conjuration
 m - an uncursed staff of energy
 y - an uncursed staff of fire
Jewellery
 c - an amulet of the gourmand (around neck)
 i - a +3 ring of strength (left hand)
 o - a +3 ring of protection (right hand)
Wands
 v - a wand of polymorph (6)
 w - a wand of flame (30)
Scrolls
 z - 2 scrolls of teleportation
 B - 2 scrolls of remove curse
 I - 2 scrolls of magic mapping
 K - a scroll of silence {unknown}
 N - a scroll of torment {unknown}
Potions
 l - a potion of invisibility
 p - 2 potions of curing
 q - 2 potions of flight
 s - a potion of cancellation
 u - a potion of haste
 A - a potion of magic {unknown}
 F - a potion of brilliance
 H - 2 potions of agility
 M - a potion of heal wounds {unknown}
Comestibles
 h - 21 rations


   Skills:
 + Level 9.1 Fighting
 + Level 6.8 Short Blades
 + Level 6.2 Long Blades
 + Level 6.2 Axes
 + Level 6.2 Maces & Flails
 + Level 6.2 Polearms
 + Level 6.2 Staves
 + Level 6.2 Slings
 + Level 6.2 Bows
 + Level 6.8 Crossbows
 + Level 6.8 Throwing
 + Level 6.8 Armour
 + Level 6.2 Dodging
 + Level 7.6 Stealth
 + Level 6.2 Shields
 + Level 6.2 Unarmed Combat
 + Level 6.2 Spellcasting
 + Level 5.1 Conjurations
 + Level 5.1 Hexes
 + Level 5.1 Charms
 + Level 5.1 Summonings
 + Level 5.1 Necromancy
 + Level 5.1 Translocations
 + Level 5.1 Transmutations
 + Level 5.1 Fire Magic
 + Level 5.1 Ice Magic
 + Level 5.1 Air Magic
 + Level 5.1 Earth Magic
 + Level 5.1 Poison Magic
 + Level 6.8 Invocations
 + Level 6.8 Evocations


You had 22 spell levels left.
You didn't know any spells.

Dungeon Overview and Level Annotations

Branches:
Dungeon (9/15)             Temple (1/1) D:5            Lair (2/6) D:9
  Swamp: Lair:2-4    Shoals: Lair:2-4     Snake: Lair:2-4    Spider: Lair:2-4
    Orc: D:9-12

Altars:
Ashenzari
Cheibriados
Dithmenos
Elyvilon
Fedhas
Gozag
Hepliaklqana
Kikubaaqudgha
Makhleb
Nemelex Xobeh
Okawaru
Qazlal
Ru
Sif Muna
Trog
Uskayaw
Vehumet
Wu Jian
Xom
Yredelemnul
Zin
The Shining One

Shops:
D:5 ?   D:6 }(=:*   D:7 %%*[(

Annotations:
Lair:2 Rekenzichi's ghost, journeyman DrGl; microfolk's ghost, journeyman DrTm


Innate Abilities, Weirdness & Mutations

Your experience applies equally to all skills.
You have very sharp teeth.
Your uncanny sense of smell can sniff out nearby items.


Message History

Okay, then.
l - a potion of invisibility 2 komodo dragons and a hydra come into view.
The six-headed hydra roars!
Found a scroll of identify, 18 arrows and a glass wand. 2 iguanas come into view.
The komodo dragon bites you!!
* * * LOW HITPOINT WARNING * * *
You hear an angry hiss. x2; The iguana hisses angrily.
As you read the scroll of teleportation, it crumbles to dust.
You feel strangely unstable. You block the komodo dragon's attack.
An iguana comes into view.
The six-headed hydra bites you but does no damage.
The six-headed hydra completely misses you.
The six-headed hydra misses you.
The six-headed hydra closely misses you.
The six-headed hydra bites you!
* * * LOW HITPOINT WARNING * * *
The six-headed hydra bites you!
You die...

.... ###..
#(....##..#...... #..
. ##.....##..##.##..
....#.####......#..##
# ##
#.#l.../##..#......###
...
#....?(l##.##.#.....†.
#..
#.######.##..#..####
#... #..P.##...#..##.#
#
#..l.##lD.....##.....#
#.l.l..@....#####.###
#########.### #.#
..... # .....###
.......# .....#.#
####.#.# #....


You could see a six-headed hydra, 2 komodo dragons and 3 iguanas.

Vanquished Creatures
  A two-headed ogre (D:7)
  A komodo dragon (Lair:1)
  A troll (D:9)
  A hippogriff (D:7)
  2 dream sheep (D:8)
  20 yaks
  2 wyverns
  Grum (D:8)
  A naga (D:5)
  Duvessa (D:7)
  A sky beast (D:8)
  2 ice beasts
  2 orc warriors
  A phantom (D:7)
  4 wolves (D:8)
  A necrophage (D:8)
  5 ogres
  4 centaurs
  A crocodile (Lair:1)
  4 big kobolds
  7 bullfrogs
  A scorpion (D:8)
  Dowan (D:7)
  3 wights (D:8)
  2 vampire bats (D:4)
  A centaur zombie (D:8)
  8 crimson imps
  A bullfrog zombie (D:8)
  A jelly (D:5)
  3 lava snakes (D:8)
  8 hounds
  A gnoll shaman (D:6)
  7 orc wizards
  Crazy Yiuf (D:7)
  4 orc priests
  Terence (D:2)
  6 iguanas
  2 worker ants
  A killer bee zombie (D:6)
  Robin (D:2)
  9 gnolls (D:6)
  A howler monkey skeleton (D:4)
  13 adders
  3 shadow imps
  An ooze (D:4)
  3 worms
  2 dart slugs (D:2)
  5 leopard geckos
  31 orcs
  2 giant cockroaches
  14 goblins
  9 hobgoblins
  6 jackals (D:2)
  A quokka (D:8)
  9 bats
  10 frilled lizards
  11 kobolds
  A leopard gecko skeleton (D:6)
  A leopard gecko zombie (D:7)
  8 rats
256 creatures vanquished.

Vanquished Creatures (others)
  A fungus (Lair:2)
1 creature vanquished.

Grand Total: 257 creatures vanquished

Notes
Turn   | Place    | Note
-------+----------+-------------------------------------------
     0 | D:1      | Relic the Gnoll Wanderer began the quest for the Orb.
     0 | D:1      | Relic set off with: a curare-tipped needle, a +2 blowgun, a potion of curing, a +0 hand crossbow, 29 bolts, a +0 robe, a +0 dagger, a ration
     0 | D:1      | Reached XP level 1. HP: 23/23 MP: 2/2
   153 | D:1      | Reached XP level 2. HP: 29/29 MP: 3/3
   671 | D:2      | Noticed Terence
   817 | D:2      | Reached XP level 3. HP: 26/35 MP: 4/4
   963 | D:2      | Reached skill level 1 in Invocations
  1009 | D:2      | Reached skill level 1 in Long Blades
  1009 | D:2      | Reached skill level 1 in Axes
  1009 | D:2      | Reached skill level 1 in Maces & Flails
  1009 | D:2      | Reached skill level 1 in Polearms
  1009 | D:2      | Reached skill level 1 in Staves
  1009 | D:2      | Reached skill level 1 in Slings
  1009 | D:2      | Reached skill level 1 in Bows
  1009 | D:2      | Reached skill level 1 in Dodging
  1009 | D:2      | Reached skill level 1 in Shields
  1009 | D:2      | Reached skill level 1 in Unarmed Combat
  1009 | D:2      | Reached skill level 1 in Spellcasting
  1075 | D:2      | Reached XP level 4. HP: 41/41 MP: 6/6
  1089 | D:2      | Killed Terence
  1169 | D:2      | Noticed Robin
  1320 | D:2      | Reached skill level 1 in Conjurations
  1320 | D:2      | Reached skill level 1 in Hexes
  1320 | D:2      | Reached skill level 1 in Charms
  1320 | D:2      | Reached skill level 1 in Summonings
  1320 | D:2      | Reached skill level 1 in Necromancy
  1320 | D:2      | Reached skill level 1 in Translocations
  1320 | D:2      | Reached skill level 1 in Transmutations
  1320 | D:2      | Reached skill level 1 in Fire Magic
  1320 | D:2      | Reached skill level 1 in Ice Magic
  1320 | D:2      | Reached skill level 1 in Air Magic
  1320 | D:2      | Reached skill level 1 in Earth Magic
  1320 | D:2      | Reached skill level 1 in Poison Magic
  1403 | D:2      | Killed Robin
  1466 | D:2      | Reached XP level 5. HP: 47/47 MP: 7/7
  2669 | D:3      | Reached XP level 6. HP: 52/53 MP: 8/8
  3277 | D:4      | Reached XP level 7. HP: 27/59 MP: 10/10
  3651 | D:4      | Reached skill level 7 in Fighting
  3826 | D:4      | Found the +4 Vampire's Tooth {vamp}
  4091 | D:5      | Entered Level 5 of the Dungeon
  4120 | D:5      | Noticed a naga
  4120 | D:5      | a centaur changed into a naga
  4148 | D:5      | Killed a naga
  4148 | D:5      | Reached skill level 5 in Stealth
  4172 | D:5      | Reached XP level 8. HP: 34/67 MP: 9/12
  4221 | D:5      | Found a staircase to the Ecumenical Temple.
  4614 | D:5      | Found Damy's Magic Scroll Boutique.
  4638 | D:5      | Bought a scroll of identify for 26 gold pieces
  4638 | D:5      | Bought a scroll of identify for 26 gold pieces
  4638 | D:5      | Bought a scroll of identify for 26 gold pieces
  4638 | D:5      | Bought a scroll of identify for 26 gold pieces
  4638 | D:5      | Bought a scroll of identify for 26 gold pieces
  4649 | D:5      | Bought a scroll of enchant weapon for 97 gold pieces
  5099 | Temple   | Entered the Ecumenical Temple
  5305 | Temple   | Became a worshipper of Warmaster Okawaru
  5354 | D:6      | Found Woderch's Gadget Emporium.
  5431 | D:6      | Found Ziulum's Jewellery Shop.
  5584 | D:6      | Found Hoassah's Weapon Boutique.
  5593 | D:6      | Reached XP level 9. HP: 50/72 MP: 10/14
  5747 | D:6      | Found Ixithic's Book Shop.
  5806 | D:6      | Reached * piety under Okawaru
  5987 | D:6      | Found Hosif's Assorted Antiques.
  6024 | D:6      | Bought a scroll of identify for 70 gold pieces
  6085 | D:6      | Bought 6 bolts for 13 gold pieces
  6150 | D:7      | Found Furchi's Food Emporium.
  6288 | D:7      | Reached skill level 5 in Short Blades
  6288 | D:7      | Reached skill level 5 in Crossbows
  6288 | D:7      | Reached skill level 5 in Throwing
  6288 | D:7      | Reached skill level 5 in Armour
  6288 | D:7      | Reached skill level 5 in Evocations
  6348 | D:7      | Found Mylan's Weapon Shop.
  6382 | D:7      | Noticed a two-headed ogre
  6392 | D:7      | Noticed Joseph
  6412 | D:7      | Killed a two-headed ogre
  6412 | D:7      | Reached ** piety under Okawaru
  6412 | D:7      | Reached skill level 8 in Fighting
  6412 | D:7      | Reached skill level 5 in Invocations
  6569 | D:7      | Noticed Duvessa
  6570 | D:7      | Noticed Dowan
  6579 | D:7      | Found Joqoqaaj's Armour Shoppe.
  6676 | D:7      | Reached XP level 10. HP: 66/80 MP: 17/17
  6785 | D:7      | Found Qaiteefu's Food Boutique.
  6812 | D:7      | Found Noinaja's General Store.
  6966 | D:7      | Killed Dowan
  6968 | D:7      | Killed Duvessa
  6972 | D:7      | Noticed Joseph
  6972 | D:7      | Joseph changed into Joseph the big kobold
  6984 | D:7      | Killed Joseph the big kobold
  7209 | D:7      | Found a runed door.
  7213 | D:7      | Noticed Crazy Yiuf
  7218 | D:7      | Killed Crazy Yiuf
  7344 | D:8      | Reached *** piety under Okawaru
  7344 | D:8      | Reached skill level 5 in Long Blades
  7344 | D:8      | Reached skill level 5 in Axes
  7344 | D:8      | Reached skill level 5 in Maces & Flails
  7344 | D:8      | Reached skill level 5 in Polearms
  7344 | D:8      | Reached skill level 5 in Staves
  7344 | D:8      | Reached skill level 5 in Slings
  7344 | D:8      | Reached skill level 5 in Bows
  7344 | D:8      | Reached skill level 5 in Dodging
  7344 | D:8      | Reached skill level 5 in Shields
  7344 | D:8      | Reached skill level 5 in Unarmed Combat
  7344 | D:8      | Reached skill level 5 in Spellcasting
  7679 | D:8      | Noticed a three-headed hydra
  7947 | D:8      | Found a basalt altar of Yredelemnul.
  8448 | D:8      | Noticed Grum
  8755 | D:8      | Found a stormy altar of Qazlal.
  8852 | D:8      | Killed Grum
  8878 | D:8      | Reached **** piety under Okawaru
  9106 | D:8      | Found an iron altar of Okawaru.
  9144 | D:8      | Received a gift from Okawaru
 10787 | D:9      | Found a staircase to the Lair.
 10909 | D:9      | Reached XP level 11. HP: 72/87 MP: 19/19
 11222 | D:9      | Reached ***** piety under Okawaru
 11321 | D:9      | Reached skill level 9 in Fighting
 11431 | Lair:1   | Entered Level 1 of the Lair of Beasts
 11505 | Lair:1   | Reached skill level 5 in Conjurations
 11505 | Lair:1   | Reached skill level 5 in Hexes
 11505 | Lair:1   | Reached skill level 5 in Charms
 11505 | Lair:1   | Reached skill level 5 in Summonings
 11505 | Lair:1   | Reached skill level 5 in Necromancy
 11505 | Lair:1   | Reached skill level 5 in Translocations
 11505 | Lair:1   | Reached skill level 5 in Transmutations
 11505 | Lair:1   | Reached skill level 5 in Fire Magic
 11505 | Lair:1   | Reached skill level 5 in Ice Magic
 11505 | Lair:1   | Reached skill level 5 in Air Magic
 11505 | Lair:1   | Reached skill level 5 in Earth Magic
 11505 | Lair:1   | Reached skill level 5 in Poison Magic
 11564 | Lair:1   | You fall through a shaft!
 11596 | Lair:2   | Noticed Rekenzichi's ghost (journeyman DrGl)
 11613 | Lair:2   | Noticed microfolk's ghost (journeyman DrTm)
 12096 | Lair:1   | Noticed a six-headed hydra
 12102 | Lair:1   | Slain by a six-headed hydra

Skill      XL: |  1  2  3  4  5  6  7  8  9 10 11 |
---------------+----------------------------------+-----
Invocations    | 1 2 3 4 5 6 |  6.8
Long Blades    | 1 2 3 4 5 6 |  6.2
Axes           | 1 2 3 4 5 6 |  6.2
Maces & Flails | 1 2 3 4 5 6 |  6.2
Polearms       | 1 2 3 4 5 6 |  6.2
Staves         | 1 2 3 4 5 6 |  6.2
Slings         | 1 2 3 4 5 6 |  6.2
Bows           | 1 2 3 4 5 6 |  6.2
Dodging        | 1 2 3 4 5 6 |  6.2
Shields        | 1 2 3 4 5 6 |  6.2
Unarmed Combat | 1 2 3 4 5 6 |  6.2
Spellcasting   | 1 2 3 4 5 6 |  6.2
Conjurations   | 1 2 3 4 5 |  5.1
Hexes          | 1 2 3 4 5 |  5.1
Charms         | 1 2 3 4 5 |  5.1
Summonings     | 1 2 3 4 5 |  5.1
Necromancy     | 1 2 3 4 5 |  5.1
Translocations | 1 2 3 4 5 |  5.1
Transmutations | 1 2 3 4 5 |  5.1
Fire Magic     | 1 2 3 4 5 |  5.1
Ice Magic      | 1 2 3 4 5 |  5.1
Air Magic      | 1 2 3 4 5 |  5.1
Earth Magic    | 1 2 3 4 5 |  5.1
Poison Magic   | 1 2 3 4 5 |  5.1
Short Blades   | 3 4 5 6 |  6.8
Crossbows      | 3 4 5 6 |  6.8
Throwing       | 3 4 5 6 |  6.8
Armour         | 3 4 5 6 |  6.8
Evocations     | 3 4 5 6 |  6.8
Fighting       | 7 8 9 |  9.1
Stealth        | 5 6 7 |  7.6

Action                   |  1- 3 |  4- 6 |  7- 9 | 10-12 || total
-------------------------+-------+-------+-------+-------++-------
Melee: Hand axe          |       |       |    21 |   120 ||   141
       Punch             |       |       |     1 |     3 ||     4
       Bite              |       |       |       |    18 ||    18
 Fire: Hand crossbow     |    67 |   146 |   276 |   300 ||   789
       Blowgun           |     2 |    18 |    16 |       ||    36
Evoke: Wand              |       |       |    23 |    10 ||    33
  Use: Scroll            |     4 |     5 |    12 |    12 ||    33
       Potion            |     1 |     4 |     5 |     8 ||    18
  Eat: Ration            |       |     2 |     4 |     4 ||    10
       Chunk             |       |       |       |     1 ||     1
Armor: Leather armour    |    10 |    32 |    69 |    83 ||   194
Dodge: Dodged            |    12 |    83 |   148 |   270 ||   513
Block: Buckler           |       |       |       |    16 ||    16
